 Dungeon Crawl Stone Soup version 0.27-a0-1202-ge72e49191c (webtiles) character file.

Game seed: 17514221048386297309

2410 polve the Agent of Entropy (level 9, -1/102 HPs)
             Began as a Demonspawn Abyssal Knight on June 4, 2021.
             Was a Priest of Lugonu.
             Slain by an orc priest
             ... wielding a +0 morningstar
              (3 damage)
             ... on level 6 of the Dungeon.
             The game lasted 00:05:07 (7276 turns).

polve the Agent of Entropy (DsAK)                   Turns: 7276, Time: 00:05:07

Health: -1/102     AC: 24    Str: 16    XL:     9   Next: 23%
Magic:  16/16      EV:  2    Int: 13    God:    Lugonu [***...]
Gold:   308        SH:  0    Dex: 13    Spells: 8/8 levels left

rFire    . . .     SeeInvis .   a - +1 short sword
rCold    . . .     Faith    .   (no shield)
rNeg     + + +     Spirit   .   (armour currently unavailable)
rPois    +         Reflect  .   (helmet currently unavailable)
rElec    .         Harm     .   (cloak currently unavailable)
rCorr    .         Rampage  .   (gloves currently unavailable)
Will     .....     NoTele   +   (boots currently unavailable)
Stlth    +.........             (no amulet)
HPRegen  0.27/turn              (no ring)
MPRegen  0.30/turn              (no ring)

@: tree-form, hasted, very quick
A: stationary, stasis, torment immunity, boosted hp, (antennae 1), (thin
metallic scales 1), (spiny 2), magic regeneration
a: Renounce Religion, Depart the Abyss, Bend Space, Banish


You were on level 6 of the Dungeon.
You worshipped Lugonu.
Lugonu was most pleased with you.
You were a tree.
You visited 1 branch of the dungeon, and saw 6 of its levels.
You visited the Abyss 1 time.

You collected 308 gold pieces.

Inventory:

Hand Weapons
 a - a +1 short sword (weapon)
 l - a +1 short sword of flaming
Missiles
 b - 3 curare-tipped darts
Armour
 r - a +0 cloak (melded)
 y - a +0 pair of gloves (melded)
 z - a +0 plate armour (melded)
Wands
 h - a wand of mindburst (19)
 q - a wand of paralysis (12)
Scrolls
 c - a scroll of acquirement {unknown}
 d - 3 scrolls of enchant weapon {unknown}
 e - 4 scrolls of identify {unknown}
 j - 2 scrolls of enchant armour {unknown}
 k - a scroll of fear {unknown}
 n - 3 scrolls of teleportation {unknown}
 s - a scroll of silence {unknown}
 t - 2 scrolls of amnesia {unknown}
 u - a scroll of brand weapon {unknown}
 v - a scroll of immolation {unknown}
 w - a scroll of vulnerability {unknown}
Potions
 f - a potion of mutation {unknown}
 g - a potion of lignification
 i - 2 potions of brilliance {unknown}
 m - a potion of attraction {unknown}
 o - 2 potions of haste
 p - a potion of curing {unknown}
 x - a potion of flight {unknown}
 A - a potion of degeneration {unknown}


   Skills:
 - Level 5.0 Fighting
 - Level 4.0 Short Blades
 - Level 5.5 Armour
 - Level 5.2 Dodging
 + Level 9.9 Invocations


You had 8 spell levels left.
You didn't know any spells.
Your spell library contained the following spells:

 Spells                   Type           Power      Damage    Failure   Level
 Animate Skeleton         Necr           0%         N/A       30%         1
 Apportation              Tloc           0%         N/A       30%         1
 Corona                   Hex            0%         N/A       30%         1
 Sting                    Tmut/Pois      0%         1d3       30%         1
 Summon Small Mammal      Summ           0%         N/A       30%         1
 Poisonous Vapours        Pois/Air       0%         N/A       43%         2
 Slow                     Hex            0%         N/A       43%         2
 Ignite Poison            Fire/Tmut/Pois 0%         N/A       67%         3
 Inner Flame              Hex/Fire       0%         N/A       67%         3
 Mephitic Cloud           Conj/Pois/Air  0%         N/A       67%         3
 Portal Projectile        Hex/Tloc       0%         N/A       67%         3
 Cause Fear               Hex            0%         N/A       97%         4
 Leda's Liquefaction      Hex/Erth       0%         N/A       97%         4
 Olgreb's Toxic Radiance  Pois           0%         N/A       97%         4


Dungeon Overview and Level Annotations

Branches:
Dungeon (6/15)             Temple (0/1) D:5

Altars:
Ashenzari
Cheibriados
Elyvilon
Okawaru
Sif Muna
Trog
Xom

Shops:
D:2 **?


Innate Abilities, Weirdness & Mutations

You are a tree.
Your roots penetrate the ground, keeping you stationary.
You cannot be teleported.
You are immune to unholy pain and torment.
Your maximum health is greatly increased.
Your equipment is partially melded.
((You have a pair of small antennae on your head.))
((You are partially covered in thin metallic scales. (AC +2)))
((You are mostly covered in sharp spines.))
You regenerate magic rapidly.


Message History

A puff of flame appears from out of thin air!
The puff of flame hits you but does no damage.
You hit the orc priest.
The orc priest is moderately wounded.
The orc priest hits you but does no damage.
The orc wizard casts a spell at you. The puff of flame hits you.
* * * LOW HITPOINT WARNING * * *
Something hits you but does no damage.
You hit the orc priest but do no damage.
The orc priest is moderately wounded.
The orc priest hits you but does no damage.
You hit the orc priest.
The orc priest is heavily wounded.
The orc wizard hits you but does no damage.
The orc priest mumbles some strange prayers to Beogh against you.
Beogh smites you!
* * * LOW HITPOINT WARNING * * *
Something hits you but does no damage.
You hit the orc priest.
The orc priest is almost dead.
The orc priest looks satisfied for a moment.
The orc wizard hits you with a +0 dagger.
* * * LOW HITPOINT WARNING * * *
You closely miss the orc priest.
The orc priest is almost dead.
Something hits you but does no damage. The orc priest barely misses you.
You hit the orc priest but do no damage.
The orc priest is almost dead.
The orc wizard hits you but does no damage.
Something completely misses you.
You barely miss the orc priest.
The orc priest is almost dead.
The orc priest invokes the aid of Beogh against you.
Beogh smites you!
* * * LOW HITPOINT WARNING * * *
You hit the orc priest.
The orc priest is almost dead.
The orc priest hits you with a +0 morningstar.
You die...

...##.. . #..#..# ...
......## .... .......#.
..... #........
....#####........
#..#...o....... ..
#.....♣o....... ...
##....{......>. ....
##...........#
..###..........##
...#..........## #
#...........# ..#...
##...)......# . #....#
##.........#
..##....####...........


You could see an orc priest (fast) and an orc wizard.

Vanquished Creatures
  A centaur zombie (D:5)
  Sigmund (D:2)
  Eustachio (D:4)
  2 sky beasts
  2 black bears
  2 ogres (D:6)
  2 phantoms
  A centaur (D:5)
  2 kobold brigands
  Blork the orc (D:4)
  A bullfrog (D:6)
  A scorpion (D:3)
  A water moccasin skeleton (D:5)
  A howler monkey (D:5)
  A bullfrog skeleton (D:6)
  2 hounds
  An orc priest (D:4)
  2 centaur skeletons
  Natasha (thrice) (D:2)
  Terence (D:2)
  3 iguanas
  2 orc wizards
  A hound skeleton (D:5)
  Robin (D:1)
  5 adders
  A shadow imp (D:6)
  3 ufetubi (D:5)
  2 worms (D:4)
  4 dart slugs
  13 orcs
  9 endoplasms
  6 giant cockroaches
  18 goblins
  11 hobgoblins
  8 jackals
  2 quokkas (D:2)
  3 ball pythons
  4 bats (D:1)
  2 frilled lizards
  14 kobolds
  7 rats
148 creatures vanquished.

Vanquished Creatures (others)
  4 plants (D:4)
4 creatures vanquished.

Grand Total: 152 creatures vanquished

Notes
Turn   | Place    | Note
-------+----------+-------------------------------------------
     0 | Abyss:1  | polve the Demonspawn Abyssal Knight began the quest for the
                  | Orb.
     0 | Abyss:1  | Reached XP level 1. HP: 18/18 MP: 2/2
   141 | Abyss:1  | Noticed a large abomination
   150 | Abyss:1  | Noticed a large abomination
   150 | Abyss:1  | Noticed a quasit
   165 | Abyss:2  | Noticed a smoke demon
   170 | Abyss:2  | Noticed a thrashing horror
   170 | D:1      | Escaped the Abyss
   221 | D:1      | Found a faded altar of an unknown god.
   425 | D:1      | Gained mutation: You have a pair of small antennae on your
                  | head. [demonic ancestry]
   425 | D:1      | Reached XP level 2. HP: 24/24 MP: 3/3
   521 | D:1      | Reached * piety under Lugonu
  1459 | D:1      | Gained mutation: You are partially covered in sharp spines.
                  | [demonic ancestry]
  1459 | D:1      | Reached XP level 3. HP: 27/29 MP: 4/4
  1512 | D:2      | Noticed Robin
  1527 | D:2      | Noticed Sigmund
  1532 | D:1      | Killed Robin
  1967 | D:2      | HP: 1/29 [Sigmund/magic dart (5)]
  1968 | D:2      | Killed Sigmund
  1969 | D:2      | Reached skill level 5 in Fighting
  1969 | D:2      | Gained mutation: You are mostly covered in sharp spines.
                  | [demonic ancestry]
  1969 | D:2      | Reached XP level 4. HP: 2/39 MP: 5/5
  1969 | D:2      | Gained mutation: You regenerate magic rapidly. [demonic
                  | ancestry]
  1969 | D:2      | Reached XP level 5. HP: 2/44 MP: 6/6
  2325 | D:2      | Reached skill level 1 in Dodging
  2328 | D:2      | Found Lourem's General Store.
  2420 | D:2      | Noticed Terence
  2431 | D:2      | Killed Terence
  2600 | D:2      | Found Namiow's Assorted Antiques.
  2618 | D:2      | Noticed Natasha
  2627 | D:2      | Killed Natasha
  2628 | D:2      | Reached XP level 6. HP: 46/51 MP: 7/7
  2850 | D:2      | Found an iron altar of Okawaru.
  2933 | D:2      | Found Taggaz's Magic Scroll Boutique.
  3196 | D:2      | Reached ** piety under Lugonu
  3296 | D:2      | Noticed Natasha
  3300 | D:2      | Killed Natasha
  3377 | D:2      | Noticed Natasha
  3387 | D:2      | Killed Natasha
  3864 | D:3      | Found a broken altar of Ashenzari.
  4114 | D:3      | Found a shimmering blue altar of Sif Muna.
  4250 | D:4      | Gained mutation: You are partially covered in thin metallic
                  | scales. (AC +2) [demonic ancestry]
  4250 | D:4      | Reached XP level 7. HP: 53/56 MP: 8/8
  4431 | D:4      | Noticed Eustachio
  4463 | D:4      | Killed Eustachio
  4869 | D:4      | Noticed Blork the orc
  4887 | D:4      | Reached *** piety under Lugonu
  4891 | D:4      | Killed Blork the orc
  5200 | D:4      | Found a burning altar of Makhleb.
  5202 | D:4      | Found a snail-covered altar of Cheibriados.
  5202 | D:4      | Found a bloodstained altar of Trog.
  5204 | D:4      | Found an iron altar of Okawaru.
  5204 | D:4      | Found a shimmering altar of Xom.
  5495 | D:5      | Entered Level 5 of the Dungeon
  5523 | D:5      | Reached skill level 5 in Armour
  5523 | D:5      | Reached skill level 5 in Dodging
  5523 | D:5      | Reached XP level 8. HP: 62/62 MP: 9/9
  5572 | D:5      | Found a staircase to the Ecumenical Temple.
  5636 | D:5      | Reached skill level 3 in Invocations
  5726 | D:5      | Reached skill level 4 in Invocations
  5904 | D:5      | Reached skill level 5 in Invocations
  5949 | D:5      | Reached skill level 6 in Invocations
  6362 | D:5      | Reached skill level 7 in Invocations
  6826 | D:6      | Reached skill level 8 in Invocations
  6827 | D:6      | Reached XP level 9. HP: 19/68 MP: 13/15
  7087 | D:6      | Reached skill level 9 in Invocations
  7275 | D:6      | HP: 2/102 [orc priest/divine providence (13)]
  7276 | D:6      | Slain by an orc priest

Illustrated notes

Levels and vault maps discovered:
D:1:      minmay_arrival_three_doors, layout_basic,
          ebering_ecumenical_altar_abandoned
D:2:      layout_basic, basic_altar, serial_shops, shop_fountains,
          nicolae_shop_temple_entry_statues_fountains, nicolae_shop_waterfront,
          uniq_terence, uniq_sigmund, uniq_natasha, uniq_robin
D:3:      layout_basic, kennysheep_orc_sif_temple, evilmike_ruin_ashenzari
D:4:      layout_rooms, doesnt_xom_only_xom, nicolae_elyvilon_temple_path,
          kennysheep_generic_room_16, uniq_blork_the_orc, uniq_eustachio
D:5:      cheibrodos_thug_alley, layout_loops_ring, minmay_temple_entry_wispy
D:6:      layout_cave_pools, nicolae_overflow_hidden_temple

Skill      XL: |  1  2  3  4  5  6  7  8  9 |
---------------+----------------------------+-----
Short Blades   | 2 3 4 |  4.0
Fighting       | 5 |  5.0
Dodging        | 1 3 5 |  5.2
Armour         | 2 3 5 |  5.5
Invocations    | 8 9 |  9.9

Action                   |  1- 3 |  4- 6 |  7- 9 || total
-------------------------+-------+-------+-------++-------
Melee: Short sword       |   133 |    92 |   256 ||   481
Invok: Depart the Abyss  |     1 |       |       ||     1
  Use: Potion            |       |       |     2 ||     2
Armor: Leather armour    |    31 |     3 |       ||    34
       Chain mail        |       |    35 |    56 ||    91
       Plate armour      |       |       |   127 ||   127
       Skin              |       |       |    19 ||    19
Dodge: Dodged            |    98 |    26 |    70 ||   194

Table legend: (Time is in decaauts)
 A = Elapsed time spent in this place.
 B = Non-inter-level travel time spent in this place.
 C = Inter-level travel time spent in this place.
 D = Time resting spent in this place.
 E = Time spent auto-exploring this place.
 F = Levels seen in this place.
 G = Mean time per level.
                   A        B        C        D        E       F      G
               +--------+--------+--------+--------+--------+-----+--------+
         Total |   7262 |   7059 |    203 |    138 |   5935 |   8 |  907.8 |
       Dungeon |   7092 |   6889 |    203 |    138 |   5789 |   6 | 1182.0 |
         Abyss |    170 |    170 |      0 |      0 |    146 |   2 |   85.0 |
               +--------+--------+--------+--------+--------+-----+--------+

Top non-repeatable levels by time:
     D:1: 1755 daAuts
     D:2: 1533 daAuts
     D:5: 1336 daAuts
     D:4: 1241 daAuts
     D:3: 776 daAuts
     D:6: 448 daAuts
 Abyss:1: 158 daAuts
 Abyss:2: 12 daAuts
